 Dungeon Crawl Stone Soup version 0.24-a0-778-g74da537585 (webtiles) character file.

Game seed: 3849980313615864091, levelgen mode: deterministic

9716 Ablot the Thaumaturge (level 11, -4/86 HPs)
             Began as a Gnoll Skald on Oct 7, 2019.
             Was an Elder of Okawaru.
             Slain by Snorg (14 damage)
             ... on level 11 of the Dungeon.
             The game lasted 00:25:28 (8656 turns).

Ablot the Thaumaturge (Gnoll Skald)                 Turns: 8656, Time: 00:25:29

Health: -4/86      AC:  9    Str: 16    XL:     11   Next: 50%
Magic:  14/23      EV: 22    Int: 15    God:    Okawaru [****..]
Gold:   471        SH: 12    Dex: 16    Spells: 15/26 levels left

rFire    . . .     SeeInvis .   a - +1 trident (protect)
rCold    . . .     Gourm    .   n - +0 buckler
rNeg     . . .     Faith    .   L - +2 robe {MR+}
rPois    .         Spirit   .   g - +1 helmet
rElec    .         Reflect  +   s - +0 cloak
rCorr    .         Harm     .   t - +0 pair of gloves
MR       ++...                  (no boots)
Stlth    +++.......             N - +6 amulet of reflection
HPRegen  1.24/turn              x - ring of protection from magic
MPRegen  0.18/turn              k - +5 ring of evasion

@: regenerating
A: distributed training, fangs 1, strong nose
a: Heroism, Renounce Religion


You were on level 11 of the Dungeon.
You worshipped Okawaru.
Okawaru was greatly pleased with you.
You were very hungry.

You visited 2 branches of the dungeon, and saw 12 of its levels.

You collected 502 gold pieces.
You spent 31 gold pieces at shops.

Inventory:

Hand Weapons
 a - a +1 trident of protection (weapon)
 M - a +2 short sword of electrocution
Missiles
 b - 207 arrows
 c - 271 stones
 u - 82 sling bullets
 F - 4 poisoned darts (quivered)
 K - a throwing net
 R - 62 bolts
Armour
 g - a +1 helmet (worn)
 n - a +0 buckler (worn)
 s - a +0 cloak (worn)
 t - a +0 pair of gloves (worn)
 L - a +2 robe of magic resistance (worn)
Jewellery
 e - an uncursed ring of fire
 k - a +5 ring of evasion (right hand)
 x - a ring of protection from magic (left hand)
 H - an uncursed ring of resist corrosion
 N - a +6 amulet of reflection (around neck)
 O - an uncursed ring of stealth {unknown}
Wands
 B - a wand of iceblast (17)
 D - a wand of random effects (51)
Scrolls
 f - 3 scrolls of amnesia
 h - 6 scrolls of teleportation {unknown}
 l - a scroll of immolation {unknown}
 o - a scroll of enchant weapon {unknown}
 v - a scroll of fog {unknown}
 w - 4 scrolls of fear {unknown}
 y - 2 scrolls of noise {unknown}
 z - 2 scrolls of remove curse
 A - a scroll of enchant armour
 J - a scroll of magic mapping {unknown}
 P - a scroll of vulnerability {unknown}
 T - a scroll of identify
Potions
 i - a potion of mutation {unknown}
 j - 3 potions of heal wounds
 m - 6 potions of curing
 p - 3 potions of degeneration {unknown}
 q - 3 potions of brilliance
 r - 2 potions of ambrosia
 C - a potion of invisibility {unknown}
 E - 3 potions of lignification
 G - a potion of cancellation {unknown}
 I - a potion of might {unknown}
 Q - a potion of magic {unknown}
Miscellaneous
 S - a lightning rod (4/4)
Comestibles
 d - 13 rations


   Skills:
 + Level 7.8 Fighting
 + Level 6.2 Short Blades
 + Level 6.2 Long Blades
 + Level 6.2 Axes
 + Level 6.2 Maces & Flails
 + Level 7.8 Polearms
 + Level 6.2 Staves
 + Level 6.2 Slings
 + Level 6.2 Bows
 + Level 6.2 Crossbows
 + Level 6.2 Throwing
 + Level 6.8 Armour
 + Level 7.8 Dodging
 + Level 6.2 Stealth
 + Level 6.2 Shields
 + Level 6.2 Unarmed Combat
 + Level 8.1 Spellcasting
 + Level 5.1 Conjurations
 + Level 5.1 Hexes
 + Level 7.6 Charms
 + Level 5.1 Summonings
 + Level 5.1 Necromancy
 + Level 5.1 Translocations
 + Level 5.1 Transmutations
 + Level 5.1 Fire Magic
 + Level 5.1 Ice Magic
 + Level 5.1 Air Magic
 + Level 5.1 Earth Magic
 + Level 5.1 Poison Magic
 + Level 6.8 Invocations
 + Level 6.2 Evocations


You had 15 spell levels left.
You knew the following spells:

 Your Spells              Type           Power        Failure   Level  Hunger
a - Infusion              Chrm           ####         1%          1    None
b - Song of Slaying       Chrm           ####....     1%          2    None
c - Shroud of Golubria    Chrm/Tloc      ####..       1%          2    None
d - Regeneration          Chrm/Necr      ####......   2%          3    ##.....
e - Spectral Weapon       Hex/Chrm       ####....     2%          3    ##.....

Your spell library contained the following spells:

 Spells                   Type           Power        Failure   Level  Hunger


Dungeon Overview and Level Annotations

Branches:
Dungeon (11/15)            Temple (1/1) D:7            Lair (0/6) D:8
    Orc (0/2) D:10

Altars:
Ashenzari
Cheibriados
Dithmenos
Elyvilon
Fedhas
Gozag
Hepliaklqana
Kikubaaqudgha
Makhleb
Nemelex Xobeh
Okawaru
Qazlal
Ru
Sif Muna
Trog
Uskayaw
Vehumet
Wu Jian
Xom
Yredelemnul
Zin
The Shining One

Shops:
D:4 [   D:9 [   D:11 *

Annotations:
D:11 Snorg


Innate Abilities, Weirdness & Mutations

Your experience applies equally to all skills.
You have very sharp teeth.
Your uncanny sense of smell can sniff out nearby items.


Message History

Snorg barely misses you. Snorg claws you!
* * * LOW HITPOINT WARNING * * *
Unknown command.
You feel much better. You block Snorg's attack.
Snorg claws you but does no damage. You block Snorg's attack.
Casting: Spectral Weapon (safe; 2% risk of failure)
Confirm with . or Enter, or press ? or * to list all spells.
Space distorts slightly along a thin shroud covering your body.
Your song has ended.
You block Snorg's attack. x2; Snorg completely misses you. x2; Snorg claws you!
* * * LOW HITPOINT WARNING * * *
Snorg completely misses you.
Casting: Shroud of Golubria (safe; 1% risk of failure)
Confirm with . or Enter, or press ? or * to list all spells.
Your skin crawls.
Snorg misses you. Snorg claws you!
* * * LOW HITPOINT WARNING * * *
Snorg closely misses you.
Unknown command.
Snorg bites you!
You die...

... ##≈≈.≈ ## ..#
#≈≈≈.≈ #. #.#
#≈≈≈.≈ #. #.#
+..._. #. #.#
#≈≈≈.≈ #. #.######
#≈≈≈.≈
######)##......##
#≈≈.≈
......)(T@.###..##
###'#
.#####)###.......#
#.[.. .).
#####...#######..
##.. ###......##..
### ##.........
#########) #< #.
#.


You could see Snorg (berserk).

Vanquished Creatures
  Erica (D:10)
  Pikel (Temple)
  A manticore (D:11)
  Joseph (D:7)
  A gargoyle (D:9)
  2 trolls
  A hornet (D:9)
  Prince Ribbit (D:8)
  A hippogriff (D:9)
  A meliai zombie (D:10)
  4 yaks (D:8)
  Sigmund (D:2)
  4 hogs (D:7)
  A human (D:7)
  A hungry ghost (D:7)
  4 vampire mosquitoes (D:9)
  2 wargs
  A water moccasin (D:9)
  Duvessa (D:7)
  5 orc warriors
  3 sky beasts
  2 ogres
  3 ice beasts
  3 centaurs
  Blork the orc (D:6)
  3 bullfrogs
  A water moccasin zombie (D:5)
  Dowan (D:7)
  A scorpion (D:6)
  5 wights (D:9)
  8 crimson imps
  2 hounds
  5 jellies
  5 orc priests
  2 bullfrog skeletons
  3 centaur skeletons
  15 orc wizards
  An iguana (D:6)
  7 worker ants
  A hound skeleton (D:5)
  A hound zombie (D:6)
  Robin (D:4)
  A howler monkey skeleton (D:4)
  6 adders
  4 shadow imps
  2 adder zombies (D:5)
  4 worms
  2 dart slugs
  5 leopard geckos
  39 orcs
  6 bats
  9 giant cockroaches
  11 goblins
  9 hobgoblins
  12 jackals
  6 quokkas
  2 ball pythons
  A frilled lizard (D:1)
  7 kobolds
  A leopard gecko skeleton (D:8)
  A quokka zombie (D:9)
  8 rats
245 creatures vanquished.

Vanquished Creatures (others)
  A bush (D:9)
  A spectral weapon (D:5)
2 creatures vanquished.

Grand Total: 247 creatures vanquished

Notes
Turn   | Place    | Note
-------+----------+-------------------------------------------
     0 | D:1      | Ablot the Gnoll Skald began the quest for the Orb.
     0 | D:1      | Reached XP level 1. HP: 20/20 MP: 6/6
    67 | D:1      | Reached XP level 2. HP: 25/26 MP: 7/7
    71 | D:1      | Learned a level 2 spell: Song of Slaying
    74 | D:1      | Learned a level 2 spell: Shroud of Golubria
   817 | D:1      | Reached XP level 3. HP: 31/31 MP: 9/9
   912 | D:1      | Reached skill level 5 in Spellcasting
  1380 | D:2      | Noticed Sigmund
  1399 | D:2      | Reached skill level 1 in Invocations
  1431 | D:1      | Learned a level 3 spell: Regeneration
  1435 | D:1      | Learned a level 3 spell: Spectral Weapon
  1612 | D:2      | Reached skill level 1 in Short Blades
  1612 | D:2      | Reached skill level 1 in Long Blades
  1612 | D:2      | Reached skill level 1 in Axes
  1612 | D:2      | Reached skill level 1 in Maces & Flails
  1612 | D:2      | Reached skill level 1 in Staves
  1612 | D:2      | Reached skill level 1 in Slings
  1612 | D:2      | Reached skill level 1 in Bows
  1612 | D:2      | Reached skill level 1 in Crossbows
  1612 | D:2      | Reached skill level 1 in Throwing
  1612 | D:2      | Reached skill level 1 in Stealth
  1612 | D:2      | Reached skill level 1 in Shields
  1612 | D:2      | Reached skill level 1 in Unarmed Combat
  1612 | D:2      | Reached skill level 1 in Evocations
  1618 | D:2      | Reached XP level 4. HP: 38/38 MP: 6/11
  2085 | D:2      | Killed Sigmund
  2085 | D:2      | Reached skill level 1 in Conjurations
  2085 | D:2      | Reached skill level 1 in Hexes
  2085 | D:2      | Reached skill level 1 in Summonings
  2085 | D:2      | Reached skill level 1 in Necromancy
  2085 | D:2      | Reached skill level 1 in Translocations
  2085 | D:2      | Reached skill level 1 in Transmutations
  2085 | D:2      | Reached skill level 1 in Fire Magic
  2085 | D:2      | Reached skill level 1 in Ice Magic
  2085 | D:2      | Reached skill level 1 in Air Magic
  2085 | D:2      | Reached skill level 1 in Earth Magic
  2085 | D:2      | Reached skill level 1 in Poison Magic
  2085 | D:2      | Reached XP level 5. HP: 38/43 MP: 0/12
  2306 | D:3      | Reached XP level 6. HP: 50/50 MP: 13/13
  2994 | D:4      | Found Cefecu's Antique Armour Boutique.
  3037 | D:4      | Noticed Robin
  3056 | D:4      | Killed Robin
  3056 | D:4      | Reached skill level 5 in Fighting
  3056 | D:4      | Reached skill level 5 in Polearms
  3056 | D:4      | Reached skill level 5 in Dodging
  3370 | D:5      | Entered Level 5 of the Dungeon
  3495 | D:5      | Reached XP level 7. HP: 53/56 MP: 7/15
  3818 | D:5      | Found a blossoming altar of Fedhas.
  3834 | D:5      | Found a shadowy altar of Dithmenos.
  3879 | D:5      | Found an ornate altar of the Wu Jian Council.
  4135 | D:5      | HP: 2/56 [orc warrior/+0 trident (19)]
  4148 | D:5      | Reached XP level 8. HP: 16/63 MP: 2/16
  4315 | D:6      | Noticed Blork the orc
  4324 | D:6      | Killed Blork the orc
  4358 | D:6      | Found a hide-covered altar of Uskayaw.
  4547 | D:6      | Reached skill level 6 in Spellcasting
  5000 | D:7      | Noticed Joseph
  5039 | D:7      | Reached XP level 9. HP: 47/69 MP: 11/18
  5192 | D:7      | Reached skill level 5 in Armour
  5481 | D:7      | Found a bloodstained altar of Trog.
  5481 | D:7      | Noticed Duvessa
  5492 | D:7      | Found a hide-covered altar of Uskayaw.
  5492 | D:7      | Found a radiant altar of Vehumet.
  5492 | D:7      | Found a burning altar of Makhleb.
  5544 | D:7      | Found a staircase to the Ecumenical Temple.
  5551 | Temple   | Entered the Ecumenical Temple
  5761 | D:7      | Noticed Pikel
  5786 | Temple   | Killed Pikel
  5786 | Temple   | Reached skill level 5 in Invocations
  6088 | D:7      | Killed Joseph
  6088 | D:7      | Reached skill level 7 in Spellcasting
  6088 | D:7      | Reached XP level 10. HP: 64/77 MP: 11/20
  6150 | D:7      | Noticed Dowan
  6155 | D:7      | Killed Duvessa
  6159 | D:7      | Found an iron altar of Okawaru.
  6162 | D:7      | Killed Dowan
  6171 | D:7      | Became a worshipper of Warmaster Okawaru
  6314 | D:8      | Found an ancient bone altar of Kikubaaqudgha.
  6322 | D:8      | Found a staircase to the Lair.
  6426 | D:8      | Reached skill level 5 in Short Blades
  6426 | D:8      | Reached skill level 5 in Long Blades
  6426 | D:8      | Reached skill level 5 in Axes
  6426 | D:8      | Reached skill level 5 in Maces & Flails
  6426 | D:8      | Reached skill level 5 in Staves
  6426 | D:8      | Reached skill level 5 in Slings
  6426 | D:8      | Reached skill level 5 in Bows
  6426 | D:8      | Reached skill level 5 in Crossbows
  6426 | D:8      | Reached skill level 5 in Throwing
  6426 | D:8      | Reached skill level 5 in Stealth
  6426 | D:8      | Reached skill level 5 in Shields
  6426 | D:8      | Reached skill level 5 in Unarmed Combat
  6426 | D:8      | Reached skill level 5 in Evocations
  6454 | D:8      | Reached * piety under Okawaru
  6533 | D:8      | Noticed Prince Ribbit
  6543 | D:8      | Killed Prince Ribbit
  6916 | D:8      | Found a sparkling altar of Nemelex Xobeh.
  7030 | D:9      | Noticed a gargoyle
  7043 | D:9      | Killed a gargoyle
  7135 | D:9      | Reached ** piety under Okawaru
  7160 | D:9      | You fall into a shaft and drop 1 floor!
  7160 | D:10     | Entered Level 10 of the Dungeon
  7389 | D:9      | Found Fyfu's Armour Shop.
  7439 | D:9      | Reached XP level 11. HP: 73/84 MP: 12/22
  7759 | D:10     | Reached *** piety under Okawaru
  7769 | D:10     | Found a staircase to the Orcish Mines.
  8010 | D:10     | Reached skill level 5 in Conjurations
  8010 | D:10     | Reached skill level 5 in Hexes
  8010 | D:10     | Reached skill level 5 in Summonings
  8010 | D:10     | Reached skill level 5 in Necromancy
  8010 | D:10     | Reached skill level 5 in Translocations
  8010 | D:10     | Reached skill level 5 in Transmutations
  8010 | D:10     | Reached skill level 5 in Fire Magic
  8010 | D:10     | Reached skill level 5 in Ice Magic
  8010 | D:10     | Reached skill level 5 in Air Magic
  8010 | D:10     | Reached skill level 5 in Earth Magic
  8010 | D:10     | Reached skill level 5 in Poison Magic
  8054 | D:10     | Got a creamy pearl robe
  8080 | D:10     | Identified the +2 robe of Poadinaq {Str+2} (You found it on
                  | level 10 of the Dungeon)
  8279 | D:10     | Noticed Erica
  8294 | D:10     | Killed Erica
  8294 | D:10     | Reached skill level 8 in Spellcasting
  8541 | D:11     | Found Nyes's Assorted Antiques.
  8558 | D:11     | Bought a scroll labeled MEHAUSS QOIXE for 31 gold pieces
  8574 | D:11     | Found an opulent altar of Gozag.
  8579 | D:11     | Reached **** piety under Okawaru
  8606 | D:11     | Noticed a manticore
  8628 | D:11     | Killed a manticore
  8642 | D:11     | Noticed Snorg
  8651 | D:11     | Received a gift from Okawaru
  8651 | D:11     | HP: 2/86 [Snorg (13)]
  8656 | D:11     | Slain by Snorg

Levels and vault maps discovered:
D:1:      evilmike_arrival_run_for_it, layout_basic
D:2:      layout_rooms, uniq_sigmund
D:3:      layout_basic
D:4:      layout_loops_ring, first_ration, serial_shops,
          nicolae_shop_statue_plus, uniq_robin
D:5:      layout_loops_ring, overflow_temple_1_default,
          gammafunk_temple_overflow_pools
D:6:      layout_cave_pools, basic_altar, uniq_blork_the_orc
D:7:      layout_cave_pools, grunt_temple_overflow_bloody_war,
          gammafunk_temple_overflow_claw, minmay_temple_entry_trees,
          grunt_livestock, uniq_joseph, uniq_pikel, uniq_duvessa
D:8:      layout_basic, kennysheep_mini, kennysheep_little_box,
          lair_entry_dummy, hangedman_decor_growths,
          chequers_serial_rivers_marsh, uniq_prince_ribbit1
D:9:      layout_rooms, serial_curves, eino_curves_04, eino_curves_02,
          serial_shops, nicolae_shop_window_shopping, minmay_hedge_maze
D:10:     lemuel_upstairs_altar, layout_cave_pods, david_orc_3, uniq_erica
D:11:     layout_rooms, serial_shops, shop, nicolae_shop_trees, library_closet,
          kennysheep_flooded_box, uniq_snorg
Temple:   minmay_temple_bridge_abc

Skill      XL: |  1  2  3  4  5  6  7  8  9 10 11 |
---------------+----------------------------------+-----
Spellcasting   | 5 6 7 8 |  8.1
Invocations    | 1 2 3 4 5 6 |  6.8
Short Blades   | 1 2 3 4 5 6 |  6.2
Long Blades    | 1 2 3 4 5 6 |  6.2
Axes           | 1 2 3 4 5 6 |  6.2
Maces & Flails | 1 2 3 4 5 6 |  6.2
Staves         | 1 2 3 4 5 6 |  6.2
Slings         | 1 2 3 4 5 6 |  6.2
Bows           | 1 2 3 4 5 6 |  6.2
Crossbows      | 1 2 3 4 5 6 |  6.2
Throwing       | 1 2 3 4 5 6 |  6.2
Stealth        | 1 2 3 4 5 6 |  6.2
Shields        | 1 2 3 4 5 6 |  6.2
Unarmed Combat | 1 2 3 4 5 6 |  6.2
Evocations     | 1 2 3 4 5 6 |  6.2
Armour         | 3 4 5 6 |  6.8
Conjurations   | 1 2 3 4 5 |  5.1
Hexes          | 1 2 3 4 5 |  5.1
Summonings     | 1 2 3 4 5 |  5.1
Necromancy     | 1 2 3 4 5 |  5.1
Translocations | 1 2 3 4 5 |  5.1
Transmutations | 1 2 3 4 5 |  5.1
Fire Magic     | 1 2 3 4 5 |  5.1
Ice Magic      | 1 2 3 4 5 |  5.1
Air Magic      | 1 2 3 4 5 |  5.1
Earth Magic    | 1 2 3 4 5 |  5.1
Poison Magic   | 1 2 3 4 5 |  5.1
Fighting       | 5 6 7 |  7.8
Polearms       | 5 6 7 |  7.8
Dodging        | 5 6 7 |  7.8
Charms         | 6 7 |  7.6

Action                   |  1- 3 |  4- 6 |  7- 9 | 10-12 || total
-------------------------+-------+-------+-------+-------++-------
Melee: Spear             |   179 |   187 |    95 |       ||   461
       Bite              |    14 |    15 |    27 |    49 ||   105
       Punch             |     1 |     1 |     5 |       ||     7
       Unarmed           |       |     1 |       |       ||     1
       Trident           |       |       |   182 |   357 ||   539
Throw: Dart              |       |       |     4 |     4 ||     8
 Cast: Infusion          |     4 |     6 |     9 |     5 ||    24
       Shroud of Golubri |     1 |     9 |    23 |    29 ||    62
       Song of Slaying   |     1 |     3 |     5 |     6 ||    15
       Regeneration      |     1 |       |     7 |     2 ||    10
       Spectral Weapon   |       |     5 |    18 |    25 ||    48
  Use: Scroll            |     3 |     1 |     3 |     5 ||    12
       Potion            |       |       |     2 |     1 ||     3
 Stab: Sleeping          |     2 |     4 |     1 |     6 ||    13
       Distracted        |       |     1 |     2 |     4 ||     7
  Eat: Chunk             |     1 |     9 |     9 |    10 ||    29
Armor: Leather armour    |    19 |    36 |    46 |     1 ||   102
       Skin              |    79 |       |       |       ||    79
       Robe              |       |       |       |    36 ||    36
Dodge: Dodged            |   134 |   111 |   251 |   179 ||   675
Block: Buckler           |       |       |     2 |   168 ||   170
       Reflection        |       |       |       |    14 ||    14

Table legend:
 A = Non-vault XP
 B = Vault XP
 C = Vault XP percentage of total XP
 D = Non-vault monster count
 E = Vault monster count
 F = Vault count percentage of total count
                 A         B        C        D         E       F
            +---------+---------+-------+---------+---------+-------
      Total |    9598 |    4283 |  30.9 |     213 |      32 |  13.1
            +---------+---------+-------+---------+---------+-------
        D:1 |      51 |       5 |   8.9 |      29 |       1 |   3.3
        D:2 |      48 |     212 |  81.5 |      21 |       1 |   4.5
        D:3 |      42 |       0 |   0.0 |       9 |       0 |   0.0
        D:4 |      59 |      27 |  31.4 |       3 |       7 |  70.0
        D:5 |     767 |       0 |   0.0 |      42 |       0 |   0.0
        D:6 |     604 |      96 |  13.7 |      12 |       1 |   7.7
        D:7 |     874 |    1680 |  65.8 |      16 |       9 |  36.0
        D:8 |    1247 |     251 |  16.8 |      17 |       1 |   5.6
        D:9 |    3315 |     166 |   4.8 |      33 |       1 |   2.9
       D:10 |    1528 |    1183 |  43.6 |      22 |      10 |  31.2
       D:11 |    1063 |       0 |   0.0 |       9 |       0 |   0.0
     Temple |       0 |     663 | 100.0 |       0 |       1 | 100.0
            +---------+---------+-------+---------+---------+-------
